 Dungeon Crawl Stone Soup version 0.29-a0-819-g94b489e0ae (webtiles) character file.

Game seed: 2894578965713507034

207 kevlar127 the Ruffian (level 5, -10/53 HPs)
             Began as a Troll Berserker on July 6, 2022.
             Was a Believer of Trog.
             Splashed by a jelly's acid (11 damage)
             ... on level 4 of the Dungeon.
             The game lasted 00:04:54 (2594 turns).

kevlar127 the Ruffian (Troll Berserker)             Turns: 2594, Time: 00:04:55

Health: -10/53     AC: -3    Str: 27    XL:     5   Next: 54%
Magic:  4/4        EV:  8    Int:  3    God:    Trog [**....]
Gold:   134        SH:  6    Dex:  9    Spells: 4/4 levels left

rFire   . . .      SeeInvis .     - Unarmed
rCold   + . .      Faith    .   j - +0 kite shield
rNeg    . . .      Spirit   .   a - +0 animal skin
rPois   +          Reflect  .   h - +1 hat
rElec   .          Harm     .   i - scarf {shadows}
rCorr   .          Rampage  .   (gloves unavailable)
Will    .....                   (boots unavailable)
Stlth   +.........              (no amulet)
HPRegen 0.97/turn               b - ring of protection from cold
MPRegen 0.09/turn               q - ring of poison resistance

@: weakened, corroded
A: large, unfitting armour, claws 3, regeneration 1, shaggy fur 1, tough skin 1
a: Renounce Religion, Berserk, Trog's Hand


You were on level 4 of the Dungeon.
You worshipped Trog.
Trog was pleased with you.
You visited 1 branch of the dungeon, and saw 4 of its levels.

You collected 134 gold pieces.

Inventory:

Missiles
 e - 8 poisoned darts (quivered)
 g - 40 stones
Armour
 a - a +0 animal skin (worn)
 h - a +1 hat (worn)
 i - a scarf of shadows (worn)
 j - a +0 kite shield (worn)
Jewellery
 b - a ring of protection from cold (left claw)
 q - a ring of poison resistance (right claw)
Wands
 s - a wand of roots (6)
Scrolls
 c - 4 scrolls of identify {unknown}
 f - a scroll of summoning {unknown}
 k - 3 scrolls of noise {unknown}
 l - a scroll of silence {unknown}
 m - 2 scrolls of teleportation {unknown}
 n - a scroll of magic mapping {unknown}
 p - a scroll of brand weapon {unknown}
 r - a scroll of poison {unknown}
 t - a scroll of amnesia {unknown}
Potions
 d - 3 potions of curing {unknown}
 o - 2 potions of brilliance {unknown}
 u - a potion of haste
 v - 2 potions of degeneration {unknown}


   Skills:
 * Level 3.4 Fighting
 + Level 1.3 Throwing
 - Level 3.0 Dodging
 + Level 1.2 Shields
 * Level 4.4 Unarmed Combat


You had 4 spell levels left.
You didn't know any spells.
Your spell library was empty.

Dungeon Overview and Level Annotations

Branches:
Dungeon (4/15)             Temple (0/1) D:4

Altars:


Innate Abilities, Weirdness & Mutations

You are too large for most types of armour.
You have claws for hands.
Your natural rate of healing is unusually fast.
You are covered in fur. (AC +1)
You have tough skin. (AC +1)


Message History

A gnoll comes into view. It is wielding a +0 club.
The gnoll shouts!
A jelly comes into view. 2 gnolls come into view.
Found a staircase to the Ecumenical Temple.
The gnoll shouts!
You hear a shout!
The gnoll shouts!
You see here a +3 whip of electrocution.
You barely miss the gnoll.
You hear the slow rusting of a very distant drain.
A gnoll bouda comes into view. It is wielding a +0 club.
The gnoll hits you but does no damage.
You claw the gnoll!
The gnoll is severely wounded.
You block the gnoll's attack.
The gnoll bouda gazes fiercely through you!
You feel your attacks grow feeble. The gnoll hits you with a +0 flail!
A gnoll comes into view. It is wielding a +0 spear.
You scratch the gnoll.
You kill the gnoll!
Trog accepts your kill. The gnoll hits you with a +0 flail!
You barely miss the jelly. The gnoll hits you with a +0 flail.
The jelly hits you. The acid corrodes you!
You are splashed with acid!
The gnoll barely misses you.
You claw the jelly!
Your claws burn!
The jelly is heavily wounded.
The gnoll hits you with a +0 flail. x2
* * * LOW HITPOINT WARNING * * *
The jelly hits you.
* * * LOW HITPOINT WARNING * * *
The acid corrodes you!
You are splashed with acid!
* * * LOW HITPOINT WARNING * * *
You scratch the jelly.
Your claws burn!
* * * LOW HITPOINT WARNING * * *
The jelly is heavily wounded.
You block the gnoll's attack. The jelly hits you.
* * * LOW HITPOINT WARNING * * *
You are splashed with acid!
You die...

... .# .>
..###.###..
.g....#...
g.......##
........## #
#gg.......
#.##@J......
#....).......
....##.....#...
..# #.<...#... #
#......... .# #.#
####....... ...#
#.###.....##...
#.. #.##..###.#
..
#..###...........


You could see a gnoll bouda, a jelly and 3 gnolls.

Vanquished Creatures
  An iguana (D:4)
  Jessica (D:2)
  6 gnolls
  3 adders
  An ufetubus (D:4)
  An orc (D:3)
  3 bats (D:2)
  7 endoplasms
  A giant cockroach (D:1)
  3 goblins
  7 hobgoblins
  2 jackals (D:2)
  5 quokkas
  5 ball pythons
  4 frilled lizards
  8 kobolds
  9 rats
67 creatures vanquished.

Notes
Turn   | Place    | Note
-------+----------+-------------------------------------------
     0 | D:1      | kevlar127 the Troll Berserker began the quest for the Orb.
     0 | D:1      | Reached XP level 1. HP: 22/22 MP: 0/0
   212 | D:1      | Reached XP level 2. HP: 29/29 MP: 1/1
   343 | D:1      | Found a faded altar of an unknown god.
  1131 | D:2      | Reached XP level 3. HP: 36/36 MP: 2/2
  1451 | D:2      | Reached ** piety under Trog
  1604 | D:2      | Noticed Jessica
  1608 | D:2      | Killed Jessica
  1609 | D:2      | Reached XP level 4. HP: 45/45 MP: 3/3
  1804 | D:2      | Reached skill level 4 in Unarmed Combat
  2040 | D:3      | Reached skill level 1 in Throwing
  2051 | D:3      | Reached skill level 1 in Shields
  2051 | D:3      | Reached XP level 5. HP: 39/53 MP: 4/4
  2588 | D:4      | Found a staircase to the Ecumenical Temple.
  2594 | D:4      | HP: 2/53 [acid (2)]
  2594 | D:4      | Splashed by a jelly's acid

Illustrated notes

Levels and vault maps discovered:
D:1:      dpeg_arrival_round_a, layout_basic, basic_ecumenical_altar,
          kennysheep_minor_cross, minmay_tall_x
D:2:      minmay_chambers_of_ones, layout_basic, kennysheep_jessica_study
D:3:      layout_loops_ring, minmay_tree_intersection, minmay_strange_pillars
D:4:      layout_rooms, minmay_temple_entry_wispy, lightli_sewer_entry_pipes,
          goddamned_bats

Skill      XL: |  1  2  3  4 |
---------------+-------------+-----
Fighting       | 3 |  3.4
Unarmed Combat | 4 |  4.4
Dodging        | 3 |  3.0
Throwing       | 1 |  1.3
Shields        | 1 |  1.2

Action                   |  1- 3 |  4- 6 || total
-------------------------+-------+-------++-------
Melee: Unarmed           |    93 |    82 ||   175
       Punch             |     4 |     1 ||     5
Armor: Animal skin       |    35 |    21 ||    56
Dodge: Dodged            |    50 |    26 ||    76
Block: Kite shield       |       |     4 ||     4

Table legend: (Time is in decaauts)
 A = Elapsed time spent in this place.
 B = Non-inter-level travel time spent in this place.
 C = Inter-level travel time spent in this place.
 D = Time resting spent in this place.
 E = Time spent auto-exploring this place.
 F = Levels seen in this place.
 G = Mean time per level.
                   A        B        C        D        E       F      G
               +--------+--------+--------+--------+--------+-----+--------+
         Total |   2582 |   2420 |    162 |      0 |   2065 |   4 |  645.5 |
       Dungeon |   2582 |   2420 |    162 |      0 |   2065 |   4 |  645.5 |
               +--------+--------+--------+--------+--------+-----+--------+

Top non-repeatable levels by time:
     D:1: 1078 daAuts
     D:2: 835 daAuts
     D:3: 613 daAuts
     D:4: 55 daAuts
